 Seeded DCSS version 0.28.0-47-ge53b351184 (webtiles) character file.

Game seed: 10077074884737061911 (custom seed)

961 Hubjo the Covered (level 8, -22/48 HPs)
             Began as a Gargoyle Earth Elementalist on May 5, 2022.
             Killed from afar by an oklob plant (29 damage)
             ... with a splash of acid
             ... created by the enmity of Fedhas Madash
             ... on level 5 of the Dungeon.
             The game lasted 00:09:14 (3853 turns).

Hubjo the Covered (Gargoyle Earth Elementalist)     Turns: 3853, Time: 00:09:14

Health: -22/48     AC: 15    Str: 18    XL:     8   Next: 15%
Magic:  12/12      EV: 29    Int: 16    God:
Gold:   141        SH:  0    Dex: 15    Spells: 11/12 levels left

rFire   + . .      SeeInvis .   e - +7 Spriggan's Knife {stab, EV+4 Stlth+}
rCold   + . .      Faith    .   (no shield)
rNeg    + + .      Spirit   .   o - +7 Kryia's mail coat {PotionHeal*2 rC+}
rPois   ∞          Reflect  .   (no helmet)
rElec   +          Harm     .   (no cloak)
rCorr   .          Rampage  .   (no gloves)
Will    .....                   (no boots)
Stlth   ++........              h - amulet of Wonder {Acrobat rElec}
HPRegen 0.16/turn               i - ring "Iggaaqut" {rF+ rN+ Str+6 Dex+3}
MPRegen 0.13/turn               k - ring of flight

@: corroded, acrobatic, flying
A: sickness immunity, AC +5, negative energy resistance 1, electricity
resistance, torment resistance 1, petrification resistance
a: no special abilities


You were on level 5 of the Dungeon.
You visited 1 branch of the dungeon, and saw 5 of its levels.

You collected 141 gold pieces.

Inventory:

Hand Weapons
 e - the +7 Spriggan's Knife (weapon) {stab, EV+4 Stlth+}
   (You acquired it on level 1 of the Dungeon)

   It is more effective when stabbing unaware enemies, treating them as though
   they were completely helpless.
   EV:        It affects your evasion (+4).
   Stlth:     It makes you more stealthy.
 f - a +0 dagger of venom
Missiles
 c - 104 stones
 j - a throwing net
Armour
 b - a +0 robe
 o - the +7 Kryia's mail coat (worn) {PotionHeal*2 rC+}
   (You found it on level 2 of the Dungeon)

   Potions are twice as effective at healing its wearer.
   rC:        It protects you from cold.
Jewellery
 h - the amulet of Wonder (around neck) {Acrobat rElec}
   (You acquired it on level 1 of the Dungeon)

   [amulet of the acrobat]

   It increases your evasion while moving and waiting.
   rElec:     It insulates you from electricity.
 i - the ring "Iggaaqut" (left hand) {rF+ rN+ Str+6 Dex+3}
   (You acquired it on level 1 of the Dungeon)

   [ring of strength]

   Str:       It affects your strength (+6).
   Dex:       It affects your dexterity (+3).
   rF:        It protects you from fire.
   rN:        It protects you from negative energy.
 k - a ring of flight (right hand)
 s - a ring of resist corrosion
Wands
 r - a wand of flame (19)
Scrolls
 g - a scroll of enchant armour
 q - 2 scrolls of identify
Potions
 a - a potion of flight
 d - a potion of brilliance {unknown}
 l - a potion of lignification {unknown}
 m - a potion of degeneration {unknown}
 n - a potion of cancellation {unknown}


   Skills:
 + Level 3.6 Fighting
 - Level 0.1 Short Blades
 + Level 5.1 Armour
 - Level 1.7 Dodging
 - Level 2.2 Stealth
 - Level 2.6 Spellcasting
 * Level 4.9 Transmutations
 - Level 4.4 Earth Magic


You had 11 spell levels left.
You knew the following spells:

 Your Spells              Type           Power      Damage    Failure   Level
a - Sandblast             Erth           32%        2d9       9%          1

Your spell library contained the following spells:

 Spells                   Type           Power      Damage    Failure   Level
 Passwall                 Tmut/Erth      14%        N/A       12%         2
 Shock                    Conj/Air       8%         1d3       50%         1
 Stone Arrow              Conj/Erth      18%        3d8       56%         3
 Corpse Rot               Necr/Air       4%         N/A       63%         2
 Poisonous Vapours        Pois/Air       4%         N/A       63%         2
 Petrify                  Tmut/Erth      17%        N/A       63%         4
 Ignite Poison            Fire/Tmut/Pois 7%         N/A       65%         3
 Conjure Flame            Conj/Fire      2%         6-21      86%         3
 Dazzling Flash           Conj/Hex       4%         N/A       86%         3
 Iskenderun's Mystic Bla  Conj/Tloc      2%         2d3       99%         4
 Sticky Flame             Conj/Fire      2%         2d3       99%         4
 Conjure Ball Lightning   Conj/Air       1%         3x3d6     100%        6
 Starburst                Conj/Fire      1%         6d3       100%        6
 Dragon Form              Tmut           8%         N/A       100%        7
 Storm Form               Tmut/Air       5%         N/A       100%        7


Dungeon Overview and Level Annotations

Branches:
Dungeon (5/15)
 Temple: D:4-7

Altars:
Fedhas
Makhleb
Qazlal
Xom

Annotations:
D:5 exclusion: 6 oklob plants


Innate Abilities, Weirdness & Mutations

You are immune to sickness and miasma.
Your stone body is resilient. (AC +5)
You are immune to poison.
You resist negative energy. (rN+)
You are resistant to electric shocks. (rElec)
You are resistant to unholy torment.
You are immune to petrification.


Message History

Found 33 sling bullets and 17 gold pieces.
The centaur misses you.
The centaur kicks you but does no damage.
The centaur completely misses you. x2
You see here a scorpion corpse.
You puncture the centaur!
The centaur is heavily wounded.
The centaur barely misses you. The centaur misses you.
You puncture the centaur!
The centaur is almost dead.
The centaur closely misses you. x2; The centaur misses you. x2
You puncture the centaur!
You kill the centaur!
Your Armour skill increases to level 5!
q - 3 scrolls labelled ZATIPU OHUASO (gained 1)
Things that are here:
a +0 shortbow; 21 arrows Plants grow around you in an ominous manner.
Marking area around 6 oklob plants as unsafe for travelling. 6 oklob plants come into view.
As you read the scroll labelled ZATIPU OHUASO, it crumbles to dust.
It is a scroll of identify.
g - a scroll of enchant armour The +7 Kryia's mail coat enhances the healing.
You feel much better. The oklob plant spits acid at you.
The splash of acid misses you. The oklob plant spits acid at you.
The splash of acid hits you!!
Ouch! That really hurt!
The oklob plant spits acid at you.
Fedhas protects a plant from harm.
The splash of acid hits you!
* * * LOW HITPOINT WARNING * * *
The acid corrodes you! The oklob plant spits acid at you.
Fedhas protects a plant from harm.
The splash of acid hits you!!
Ouch! That really hurt!
You die...

#......# +.....$#.#
##......#. #.......'
#.......# ######
#..(....####### ..[..#
#.............. .....#
#.# #f.@P...... .....#
#.# #†P..P..... .....#
#.# #...P.P$...
.....#####.# #..P.......
.........#.# #..........
.#######...###.#########
......................
.########..##.........
.# ##.##.........


You could see 6 oklob plants and a wandering mushroom.

Vanquished Creatures
  Menkaure (D:4)
  An ice beast (D:5)
  A black bear (D:4)
  2 ogres (D:4)
  A centaur (D:5)
  A scorpion (D:5)
  A water moccasin zombie (D:5)
  A bullfrog zombie (D:5)
  A centaur skeleton (D:5)
  2 iguanas
  A killer bee zombie (D:4)
  7 gnolls
  3 adders
  4 dart slugs
  An orc (D:5)
  5 bats
  10 endoplasms
  5 giant cockroaches
  8 goblins
  6 hobgoblins
  3 jackals (D:1)
  2 quokkas
  6 ball pythons
  3 frilled lizards (D:1)
  8 kobolds
  A quokka skeleton (D:4)
  7 rats
92 creatures vanquished.

Vanquished Creatures (others)
  A withered plant (D:5)
1 creature vanquished.

Grand Total: 93 creatures vanquished

Notes
Turn   | Place    | Note
-------+----------+-------------------------------------------
     0 | D:1      | Hubjo the Gargoyle Earth Elementalist began the quest for
                  | the Orb.
     0 | D:1      | Reached XP level 1. HP: 10/10 MP: 3/3
   282 | D:1      | Reached XP level 2. HP: 14/15 MP: 1/5
   792 | D:1      | Reached XP level 3. HP: 19/19 MP: 1/6
  1319 | D:1      | Identified 4 scrolls of acquirement
  1319 | D:1      | Acquired the amulet of Wonder {Acrobat rElec}
  1328 | D:1      | Acquired the ring "Iggaaqut" {rF+ rN+ Str+6 Dex+3}
  1330 | D:1      | Acquired the Catalogue of Transmigration and Flight
  1331 | D:1      | Acquired the +7 Spriggan's Knife {stab, EV+4 Stlth+}
  1331 | D:1      | Found the +7 Spriggan's Knife {stab, EV+4 Stlth+}
  1405 | D:2      | Found a shimmering altar of Xom.
  1431 | D:2      | Reached skill level 1 in Transmutations
  1449 | D:2      | Found the +7 Kryia's mail coat {PotionHeal*2 rC+}
  1696 | D:2      | Found a faded altar of an unknown god.
  1708 | D:2      | Reached XP level 4. HP: 18/24 MP: 8/8
  1721 | D:2      | Prayed at the altar of an unknown god.
  1721 | D:2      | Became a worshipper of Fedhas Madash
  1721 | D:2      | Reached * piety under Fedhas
  1722 | D:2      | Fell from the grace of Fedhas
  2194 | D:3      | Found a burning altar of Makhleb.
  2226 | D:3      | Reached XP level 5. HP: 26/28 MP: 9/9
  2254 | D:3      | Reached skill level 1 in Armour
  2504 | D:3      | Reached skill level 1 in Fighting
  2628 | D:4      | Found a stormy altar of Qazlal.
  2664 | D:4      | Noticed Menkaure
  2668 | D:4      | Noticed a black bear
  2671 | D:4      | Killed Menkaure
  2672 | D:4      | Reached skill level 2 in Armour
  2672 | D:4      | Reached XP level 6. HP: 33/35 MP: 10/10
  2678 | D:4      | Killed a black bear
  2718 | D:4      | Reached skill level 3 in Armour
  2718 | D:4      | Reached XP level 7. HP: 13/40 MP: 11/11
  3596 | D:5      | Entered Level 5 of the Dungeon
  3680 | D:5      | Reached skill level 4 in Armour
  3828 | D:5      | Reached XP level 8. HP: 22/46 MP: 12/12
  3839 | D:5      | Reached skill level 5 in Armour
  3851 | D:5      | Noticed an oklob plant
  3851 | D:5      | Noticed an oklob plant
  3851 | D:5      | Noticed an oklob plant
  3851 | D:5      | Noticed an oklob plant
  3851 | D:5      | Noticed an oklob plant
  3851 | D:5      | Noticed a wandering mushroom
  3851 | D:5      | Noticed an oklob plant
  3853 | D:5      | Killed from afar by an oklob plant

Illustrated notes

Levels and vault maps discovered:
D:1:      erik_arrival_blinker_ship, layout_basic
D:2:      layout_basic, basic_altar, basic_ecumenical_altar
D:3:      layout_basic, mainiacjoe_overflow_tiny_flanked
D:4:      layout_basic, mainiacjoe_overflow_surrounded_room, uniq_menkaure
D:5:      layout_basic, kiku_gazebo_garden_becter,
          worldfamousw_hep_ancestral_shrine, serial_glass, glass_columns_a,
          glass_columns_b, glass_columns_a, glass_columns_b, glass_columns_a,
          glass_columns_a

Skill      XL: |  1  2  3  4  5  6  7  8 |
---------------+-------------------------+-----
Earth Magic    | 4 |  4.4
Transmutations | 1 2 3 4 |  4.9
Armour         | 2 3 4 5 |  5.1
Fighting       | 1 2 3 |  3.6
Short Blades   | |  0.1
Dodging        | |  1.7
Stealth        | |  2.2
Spellcasting   | |  2.6

Action                   |  1- 3 |  4- 6 |  7- 9 || total
-------------------------+-------+-------+-------++-------
Melee: Unarmed           |    30 |       |       ||    30
       Dagger            |    21 |       |       ||    21
       Knife             |    35 |    95 |    74 ||   204
       Punch             |     2 |     2 |     3 ||     7
 Cast: Sandblast         |    33 |       |     5 ||    38
Invok: Renounce Religion |       |     1 |       ||     1
  Use: Scroll            |     4 |     2 |     1 ||     7
       Potion            |       |     4 |     1 ||     5
 Stab: Sleeping          |     5 |     3 |     1 ||     9
Armor: Robe              |    30 |     1 |       ||    31
       Scale mail        |       |    47 |    51 ||    98
Dodge: Dodged            |    93 |   104 |   110 ||   307
